 Dungeon Crawl Stone Soup version 0.27-a0-412-g8dd771eca2 (webtiles) character file.

Game seed: 4966148576402511152

2410 Morbidden the Sneak (level 9, 0/46 HPs)
             Began as a Vine Stalker Brigand on Feb 24, 2021.
             Was a Priest of Vehumet.
             Slain by a killer bee (3 damage)
             ... on level 8 of the Dungeon.
             The game lasted 00:09:45 (5379 turns).

Morbidden the Sneak (Vine Stalker Brigand)          Turns: 5379, Time: 00:09:46

Health: 0/46       AC:  3    Str: 15    XL:     9   Next: 47%
Magic:  0/17       EV: 15    Int: 14    God:    Vehumet [***...]
Gold:   386        SH:  0    Dex: 21    Spells: 13/17 levels left

rFire    . . .     SeeInvis .   a - +2 short sword (vamp)
rCold    . . .     Faith    .   (no shield)
rNeg     . . .     Spirit   +   h - +0 robe
rPois    .         Reflect  .   (no helmet)
rElec    .         Harm     .   c - +0 cloak
rCorr    .         Rampage  .   (no gloves)
Will     +....                  (no boots)
Stlth    ++++......             A - amulet of magic regeneration
HPRegen  1.15/turn              B - +6 ring of dexterity
MPRegen  0.40/turn              (no ring)

@: flying
A: fangs 3, regeneration 1, magic shield, antimagic bite, no potion heal 3
a: Renounce Religion


You were on level 8 of the Dungeon.
You worshipped Vehumet.
Vehumet was most pleased with you.
You visited 1 branch of the dungeon, and saw 8 of its levels.

You collected 386 gold pieces.

Inventory:

Hand Weapons
 a - a +2 vampiric short sword (weapon)
 b - a +0 hunting sling
 q - a +2 dagger
Missiles
 d - 12 poisoned darts (quivered)
 e - 2 curare-tipped darts
 o - 54 sling bullets
Armour
 c - a +0 cloak (worn)
 h - a +0 robe (worn)
Jewellery
 A - an amulet of magic regeneration (around neck)
 B - a +6 ring of dexterity (left hand)
Wands
 D - a wand of charming (9)
Scrolls
 f - a scroll of fog {unknown}
 l - a scroll of enchant weapon {unknown}
 p - 6 scrolls of identify
 s - a scroll of magic mapping {unknown}
 u - 2 scrolls of enchant armour {unknown}
 v - a scroll of immolation {unknown}
 w - a scroll of amnesia {unknown}
 x - 2 scrolls of random uselessness {unknown}
 y - a scroll of blinking {unknown}
 z - 3 scrolls of noise
 C - 2 scrolls of teleportation {unknown}
Potions
 g - a potion of cancellation {unknown}
 i - 2 potions of attraction {unknown}
 j - 2 potions of flight
 k - 3 potions of brilliance {unknown}
 n - a potion of ambrosia {unknown}
 r - a potion of might {unknown}
 t - a potion of invisibility {unknown}


   Skills:
 * Level 4.4 Fighting
 + Level 3.9 Short Blades
 + Level 1.2(2.5) Slings
 + Level 3.3(3.5) Throwing
 * Level 4.0 Dodging
 + Level 7.5 Stealth
 * Level 4.6 Spellcasting
 * Level 3.8 Conjurations
 * Level 4.1 Air Magic


You had 13 spell levels left.
You knew the following spells:

 Your Spells              Type           Power        Failure   Level
a - Shock                 Conj/Air       56%          1%          1
b - Static Discharge      Conj/Air       14%          3%          3

Your spell library contained the following spells:

 Spells                   Type           Power        Failure   Level


Dungeon Overview and Level Annotations

Branches:
Dungeon (8/15)             Temple (0/1) D:7            Lair (0/6) D:8

Altars:
Elyvilon
Hepliaklqana
Nemelex Xobeh
Vehumet

Shops:
D:4 (

Annotations:
D:6 3 runed translucent doors, Grinder
D:8 Joseph


Innate Abilities, Weirdness & Mutations

You have razor-sharp teeth.
Your natural rate of healing is unusually fast.
When hurt, damage is shared between your health and your magic reserves.
Your bite disrupts and absorbs the magic of your enemies.
Potions cannot restore your health.


Message History

The killer bee is struck by an arc of lightning.
The killer bee is lightly wounded.
The lightning grounds out.
The killer bee buzzes angrily.
The killer bee stings you but does no damage.
The killer bee barely misses you. x2; The killer bee misses you.
The killer bee barely misses you. x3; The killer bee stings you.
You are poisoned.
The killer bee poisons you!
You feel sick. The killer bee stings you!
* * * LOW HITPOINT WARNING * * *
The killer bee stings you.
* * * LOW HITPOINT WARNING * * *
The killer bee misses you. The killer bee stings you.
* * * LOW HITPOINT WARNING * * *
You are more poisoned.
The killer bee poisons you! The killer bee closely misses you.
Unknown command.
Unknown command.
Unknown command.
Unknown command.
Unknown command.
Unknown command.
It was a potion of flight.
You feel very buoyant.
You fly up into the air.
You feel sick. The killer bee stings you.
* * * LOW HITPOINT WARNING * * *
You are more poisoned.
The killer bee poisons you! The killer bee barely misses you.
The killer bee misses you. x2; The killer bee barely misses you.
The killer bee stings you.
* * * LOW HITPOINT WARNING * * *
Joseph, a Mercenary comes into view.
He is wielding a +2 spectral quarterstaff.
The killer bee closely misses you.
Unknown command.
Unknown command.
Unknown command.
It was a potion of curing.
Your system rejects the healing.
You feel better. The killer bee stings you.
You die...

.> .. ...#. ≈..
... #. ..... ...#
...##.##...##..P#
.<..#..#.#..PPP.P
.........#≈..P>.
.........#.....
......yy...##
.....l.@....#
@....yy#y.#...≈..
.......#...######
.......#.##.^
.......... ....
.......... ....
........... ##..
...#..#.... ..


You could see Joseph, a wyvern and 5 killer bees.

Vanquished Creatures
  Pikel (D:4)
  2 orc warriors
  2 ice beasts
  2 ogres
  2 sky beasts
  3 centaurs
  2 bullfrogs (D:6)
  A scorpion (D:5)
  A killer bee (D:8)
  3 howler monkeys (D:7)
  3 hounds
  2 orc priests
  Natasha (thrice) (D:4)
  A bullfrog skeleton (D:2)
  2 worker ants
  An orc wizard (D:7)
  3 hound zombies
  A howler monkey skeleton (D:4)
  5 gnolls
  8 adders
  2 white imps
  2 ufetubi (D:5)
  A worm (D:3)
  3 dart slugs
  10 leopard geckos
  19 orcs
  5 giant cockroaches
  11 goblins
  7 hobgoblins
  15 jackals
  A quokka (D:3)
  5 ball pythons
  5 bats
  7 frilled lizards
  3 kobolds
  9 rats
153 creatures vanquished.

Notes
Turn   | Place    | Note
-------+----------+-------------------------------------------
     0 | D:1      | Morbidden the Vine Stalker Brigand began the quest for the
                  | Orb.
     0 | D:1      | Reached XP level 1. HP: 11/11 MP: 2/2
   115 | D:1      | Reached skill level 5 in Stealth
   220 | D:1      | Reached XP level 2. HP: 13/15 MP: 3/3
   397 | D:1      | Reached XP level 3. HP: 19/19 MP: 4/4
   415 | D:1      | Reached skill level 1 in Dodging
   472 | D:1      | You fall into a shaft and drop 1 floor!
   618 | D:2      | Reached skill level 1 in Spellcasting
   856 | D:2      | Found a sparkling altar of Nemelex Xobeh.
   857 | D:2      | Found a hazy altar of Hepliaklqana.
   858 | D:2      | Found a radiant altar of Vehumet.
   920 | D:2      | Became a worshipper of Vehumet
  1099 | D:2      | Gained mutation: Your natural rate of healing is unusually
                  | fast. [Vine Stalker growth]
  1099 | D:2      | Reached XP level 4. HP: 23/23 MP: 6/6
  1598 | D:2      | Reached XP level 5. HP: 22/27 MP: 6/8
  1654 | D:1      | Reached * piety under Vehumet
  1654 | D:1      | Offered knowledge of Shock by Vehumet.
  1657 | D:1      | Learned a level 1 spell: Shock
  2025 | D:3      | Reached skill level 6 in Stealth
  2809 | D:4      | Noticed an orc warrior
  2899 | D:3      | Killed an orc warrior
  2900 | D:3      | Reached skill level 1 in Slings
  2900 | D:3      | Reached skill level 1 in Air Magic
  2900 | D:3      | Reached XP level 6. HP: 27/32 MP: 4/10
  3028 | D:4      | Found Leil's Weapon Emporium.
  3037 | D:4      | Reached skill level 1 in Conjurations
  3040 | D:4      | Reached ** piety under Vehumet
  3087 | D:4      | Offered knowledge of Foxfire by Vehumet.
  3127 | D:4      | Noticed Natasha
  3140 | D:4      | Killed Natasha
  3207 | D:4      | Noticed Natasha
  3217 | D:4      | Killed Natasha
  3310 | D:4      | Noticed Natasha
  3312 | D:4      | Reached XP level 7. HP: 36/36 MP: 11/11
  3320 | D:4      | Killed Natasha
  3366 | D:4      | Noticed Pikel
  3391 | D:4      | Killed Pikel
  3392 | D:4      | Gained mutation: You have razor-sharp teeth. [Vine Stalker
                  | growth]
  3392 | D:4      | Reached XP level 8. HP: 28/41 MP: 11/13
  3417 | D:4      | Found a sparkling altar of Nemelex Xobeh.
  3663 | D:5      | Entered Level 5 of the Dungeon
  3681 | D:5      | Found a white marble altar of Elyvilon.
  3814 | D:5      | Reached skill level 7 in Stealth
  4336 | D:5      | Got an ancient tower shield
  4342 | D:5      | Identified the +5 tower shield of Sufficient Life {Harm
                  | rN+++ Int-2 Stlth+} (You found it on level 5 of the
                  | Dungeon)
  4479 | D:6      | Found a runed translucent gate.
  4479 | D:6      | Found a runed translucent gate.
  4479 | D:6      | Found a runed translucent gate.
  4525 | D:6      | Reached XP level 9. HP: 37/45 MP: 15/15
  4528 | D:6      | Offered knowledge of Static Discharge by Vehumet.
  4594 | D:6      | Learned a level 3 spell: Static Discharge
  4604 | D:6      | Noticed Grinder
  4611 | D:6      | Paralysed by Grinder for 6 turns
  4616 | D:6      | HP: 2/45 [orc warrior/+0 battleaxe (19)]
  4683 | D:7      | Reached *** piety under Vehumet
  5100 | D:7      | Found a staircase to the Ecumenical Temple.
  5371 | D:6      | You fall into a shaft and drop 2 floors!
  5371 | D:8      | Found a staircase to the Lair.
  5378 | D:8      | HP: 1/46 [killer bee (2)]
  5378 | D:8      | Noticed Joseph
  5379 | D:8      | Slain by a killer bee

Illustrated notes

Levels and vault maps discovered:
D:1:      dpeg_arrival_simpleton_b, layout_rooms, minmay_tripent
D:2:      kennysheep_six_static_rooms, layout_basic,
          gammafunk_temple_overflow_claw
D:3:      layout_loops_cross, minmay_fractal_squares_5
D:4:      layout_rooms, serial_shops, nicolae_shop_statue_plus,
          nemelex_altar_shiori, uniq_natasha, uniq_pikel
D:5:      layout_gridville, elyvilon_altar_3
D:6:      minmay_evil_eye, layout_basic, gammafunk_ghost_cemetery, serial_shops,
          kennysheep_little_box, uniq_grinder, uniq_edmund, uniq_maggie,
          uniq_duvessa
D:7:      layout_rooms, minmay_temple_entry_poolview, minmay_misc_feat_alley
D:8:      layout_cave_pools, dpeg_oklobed_lair, uniq_joseph

Skill      XL: |  1  2  3  4  5  6  7  8  9 |
---------------+----------------------------+-----
Fighting       | 2 3 4 |  4.4
Stealth        | 5 6 7 |  7.5
Dodging        | 1 2 3 4 |  4.0
Spellcasting   | 1 2 3 4 |  4.6
Short Blades   | 2 3 |  3.9
Slings         | 1 |  1.2
Throwing       | 2 3 |  3.3
Air Magic      | 1 2 3 4 |  4.1
Conjurations   | 1 2 3 |  3.8

Action                   |  1- 3 |  4- 6 |  7- 9 || total
-------------------------+-------+-------+-------++-------
Melee: Dagger            |    83 |    51 |       ||   134
       Bite              |    23 |    40 |    61 ||   124
       Short sword       |       |   130 |   158 ||   288
 Fire: Hunting sling     |       |    30 |     3 ||    33
Throw: Dart              |     6 |     8 |    45 ||    59
 Cast: Shock             |       |     3 |    55 ||    58
       Static Discharge  |       |       |     5 ||     5
  Use: Potion            |       |       |     2 ||     2
       Scroll            |       |       |     1 ||     1
 Stab: Sleeping          |     3 |    15 |     7 ||    25
Armor: Robe              |    21 |    39 |    26 ||    86
Dodge: Dodged            |    57 |   137 |   150 ||   344

Table legend: (Time is in decaauts)
 A = Elapsed time spent in this place.
 B = Non-inter-level travel time spent in this place.
 C = Inter-level travel time spent in this place.
 D = Time resting spent in this place.
 E = Time spent auto-exploring this place.
 F = Levels seen in this place.
 G = Mean time per level.
                   A        B        C        D        E       F      G
               +--------+--------+--------+--------+--------+-----+--------+
         Total |   5342 |   5152 |    190 |      0 |   3894 |   8 |  667.8 |
       Dungeon |   5342 |   5152 |    190 |      0 |   3894 |   8 |  667.8 |
               +--------+--------+--------+--------+--------+-----+--------+

Top non-repeatable levels by time:
     D:2: 1169 daAuts
     D:3: 1061 daAuts
     D:1: 767 daAuts
     D:5: 758 daAuts
     D:7: 705 daAuts
     D:4: 642 daAuts
     D:6: 230 daAuts
     D:8: 7 daAuts
